 Dungeon Crawl Stone Soup version 0.21.1-74-g47da9253eb (webtiles) character file.

112 Lavandula the Chopper (level 4, -1/57 HPs)
             Began as a Centaur Berserker on Aug 11, 2018.
             Was a Believer of Trog.
             Slain by Pikel
             ... wielding a +1 whip of electrocution
              (4 damage)
             ... on level 4 of the Dungeon.
             The game lasted 00:03:49 (578 turns).

Lavandula the Chopper (Centaur Berserker)            Turns: 578, Time: 00:03:50

Health: -1/57      AC:  5    Str: 25    XL:     4   Next: 63%
Magic:  4/4        EV:  9    Int:  6    God:    Trog [**....]
Gold:   5          SH:  0    Dex:  9    Spells: 3/3 levels left

rFire    . . .     SeeInvis .   a - +0 hand axe
rCold    . . .     Gourm    .   (no shield)
rNeg     . . .     Faith    .   e - +0 ring mail
rPois    .         Spirit   .   (no helmet)
rElec    .         Reflect  .   (no cloak)
rCorr    .         Harm     .   (no gloves)
MR       .....                  (no barding)
Stlth    ..........             (no amulet)
HPRegen  0.19/turn              (no ring)
MPRegen  0.09/turn              (no ring)

@: berserking (expiring), very quick
A: large, hooves 3, deformed body, speed 2, tough skin 3
a: Berserk, Trog's Hand, Burn Spellbooks, Renounce Religion


You were on level 4 of the Dungeon.
You worshipped Trog.
Trog was pleased with you.
You were very hungry.

You visited 1 branch of the dungeon, and saw 5 of its levels.

You collected 5 gold pieces.

Inventory:

Hand Weapons
 a - a +0 hand axe (weapon)
 h - a +0 blowgun
Missiles
 g - 17 poisoned needles
Armour
 b - a +0 animal skin
 e - a +0 ring mail (worn)
Jewellery
 d - an uncursed ring of poison resistance {unknown}
Scrolls
 f - a scroll of amnesia {unknown}
 l - a scroll of teleportation {unknown}
 m - a scroll of blinking {unknown}
Potions
 i - a potion of flight {unknown}
 k - 2 potions of brilliance {unknown}
 n - a potion of curing {unknown}
Comestibles
 c - 4 rations
 j - a chunk of flesh


   Skills:
 - Level 3.0 Fighting
 + Level 5.0 Axes
 - Level 1.4 Armour
 - Level 1.4 Dodging


You had 3 spell levels left.
You didn't know any spells.

Dungeon Overview and Level Annotations

Branches:
Dungeon (5/15)
 Temple: D:4-7

Altars:

Annotations:
D:4 Pikel


Innate Abilities, Weirdness & Mutations

You have hooves in place of feet.
Armour fits poorly on your strangely shaped body.
You cover ground very quickly.
You have extremely tough skin. (AC +3)


Message History

Pikel is moderately wounded.
You barely miss Pikel. You kick Pikel!
Pikel is heavily wounded.
Pikel closely misses you.
You barely miss Pikel.
Pikel is heavily wounded.
Pikel hits you but does no damage.
You are electrocuted!
* * * LOW HITPOINT WARNING * * *
You barely miss Pikel. Your kick misses Pikel.
Pikel is heavily wounded.
You barely miss Pikel. Your kick misses Pikel.
Pikel is heavily wounded.
Pikel hits you with a whip of electrocution!
* * * LOW HITPOINT WARNING * * *
You are too berserk!
Unknown command.
You slash Pikel! Your kick misses Pikel.
Pikel is almost dead.
Pikel hits you with a whip of electrocution.
You die...

#<# .# #.# .#
#.# .# #.# .#
#.# .# #)# #.#
#.# ###
#@#########.....
#.Kppp.......p..
###############.


You could see Pikel and 3 slaves.

Vanquished Creatures
  A bullfrog zombie (D:3)
  5 adders
  A worm (D:4)
  2 dart slugs (D:3)
  2 leopard geckos (D:3)
  3 orcs (D:4)
  A bat (D:3)
  A giant cockroach (D:3)
  3 goblins
  A quokka (D:3)
  A frilled lizard (D:3)
  6 kobolds
  3 rats (D:3)
30 creatures vanquished.

Notes
Turn   | Place    | Note
-------+----------+-------------------------------------------
     0 | D:1      | Lavandula the Centaur Berserker began the quest for the Orb.
     0 | D:1      | Reached XP level 1. HP: 19/19 MP: 1/1
    86 | D:2      | Reached skill level 3 in Axes
    86 | D:2      | Reached XP level 2. HP: 26/26 MP: 2/2
   248 | D:3      | Reached XP level 3. HP: 26/31 MP: 3/3
   250 | D:3      | Reached skill level 4 in Axes
   360 | D:3      | Reached XP level 4. HP: 22/38 MP: 4/4
   380 | D:3      | Reached ** piety under Trog
   530 | D:5      | Entered Level 5 of the Dungeon
   555 | D:4      | Noticed a slave
   557 | D:4      | Noticed Pikel
   557 | D:4      | Noticed a slave
   558 | D:4      | Noticed a slave
   571 | D:4      | Reached skill level 5 in Axes
   578 | D:4      | Slain by Pikel

Skill      XL: |  1  2  3  4 |
---------------+-------------+-----
Axes           | 3 4 5 |  5.0
Fighting       | |  3.0
Armour         | |  1.4
Dodging        | |  1.4

Action                   |  1- 3 |  4- 6 || total
-------------------------+-------+-------++-------
Melee: Hand axe          |    37 |    35 ||    72
       Kick              |    10 |     5 ||    15
Invok: Berserk           |     4 |     1 ||     5
  Eat: Chunk             |     1 |     1 ||     2
Armor: Ring mail         |    18 |     8 ||    26
       Animal skin       |     1 |       ||     1
Dodge: Dodged            |    26 |    18 ||    44
